 Dungeon Crawl Stone Soup version 0.31.0-32-g396128a36d (webtiles) character file.

Game seed: 210076635141960403

17 bnorton916 the Firebug (level 2, -3/13 (15) HPs)
             Began as a Deep Elf Fire Elementalist on Apr 10, 2024.
             Killed from afar by an orc wizard (5 damage)
             ... with a puff of flame
             ... on level 2 of the Dungeon.
             The game lasted 00:01:02 (1090 turns).

bnorton916 the Firebug (Deep Elf Fire Elementalist) Turns: 1090, Time: 00:01:02

HP:   -3/13 (15)    AC:  3    Str:  5    XL:     2   Next: 44%
MP:   5/8           EV: 12    Int: 19    God:
Gold: 95            SH:  0    Dex: 15    Spells: 7/8 levels left

rFire   . . .        (no weapon)
rCold   . . .        (no shield)
rNeg    . . .        a - +0 robe
rPois   .            (no helmet)
rElec   .            (no cloak)
rCorr   .            j - +0 pair of gloves
SInv    .            (no boots)
Will    .....        (no amulet)
Stlth   ++           (no ring)
HPRegen 0.22/turn    (no ring)
MPRegen 0.11/turn

%: no passive effects
@: heavily drained
A: no striking features
a: no special abilities


You were on level 2 of the Dungeon.
You visited 1 branch of the dungeon, and saw 2 of its levels.

You collected 95 gold pieces.

Inventory:

Armour
 a - a +0 robe (worn)
 j - a +0 pair of gloves (worn)
Jewellery
 k - a ring of willpower
Scrolls
 e - a scroll of identify {unknown}
 f - a scroll of enchant armour {unknown}
 g - a scroll of silence {unknown}
 i - a scroll of revelation {unknown}
 m - a scroll of enchant weapon {unknown}
Potions
 b - 2 potions of magic
 c - a potion of cancellation {unknown}
 d - 2 potions of haste {unknown}
 h - a potion of degeneration {unknown}
 l - a potion of attraction {unknown}


   Skills:
 - Level 2.4 Dodging
 - Level 2.4 Stealth
 + Level 3.5 Spellcasting
 + Level 1.7 Conjurations
 + Level 3.6 Fire Magic


You had 7 spell levels left.
You knew the following spells:

 Your Spells              Type           Power      Damage    Failure   Level
a - Foxfire               Conj/Fire      52%        2x1d6     4%          1

Your spell library contained the following spells:

 Spells                   Type           Power      Damage    Failure   Level
 Scorch                   Fire           34%        2d6       4%          2
 Inner Flame              Hex/Fire       10%        N/A       21%         3
 Volatile Blastmotes      Fire/Tloc      20%        2d11      21%         3
 Ensorcelled Hibernation  Hex/Ice        6%         N/A       22%         2
 Passwall                 Erth           3%         N/A       41%         3
 Swiftness                Air            3%         N/A       41%         3
 Flame Wave               Conj/Fire      13%        2d6       43%         4


Dungeon Overview and Level Annotations

Branches:
Dungeon (2/15)

Altars:


Message History

Confirm with . or Enter, or press ? or * to list all spells.
You conjure some foxfire!
The foxfire hits the kobold but does no damage.
The kobold is moderately wounded.
The foxfire hits the kobold.
The kobold is heavily wounded.
Casting: Foxfire (safe; 4% risk of failure)
Confirm with . or Enter, or press ? or * to list all spells.
You conjure some foxfire!
The foxfire hits the kobold but does no damage.
The kobold is heavily wounded.
Casting: Foxfire (safe; 4% risk of failure)
Confirm with . or Enter, or press ? or * to list all spells.
You conjure some foxfire!
The foxfire hits the kobold.
The kobold is severely wounded.
The kobold hits you with a +0 short sword.
The foxfire hits the kobold.
You kill the kobold!
You hear a shout!
Something hits you.
You feel drained. Something hits you.
You feel drained.
The orc wizard casts a spell.
The orc wizard flickers and vanishes!
The orc shouts!
You hear some strange, mumbled words.
A puff of flame appears from out of thin air!
The puff of flame hits you!
Ouch! That really hurt!
* * * LOW HITPOINT WARNING * * *
Casting: Foxfire (safe; 4% risk of failure)
Confirm with . or Enter, or press ? or * to list all spells.
You conjure some foxfire!
An orc wizard appears from thin air!
Reactivating autopickup.
The foxfire hits the orc wizard.
The orc wizard is moderately wounded.
The foxfire hits the orc wizard.
The orc wizard is severely wounded.
The orc wizard gestures at you while chanting.
The puff of flame hits you.
You die...

#.#.###.###.##.##
#....##.###...... ##
#........#####.## ##.
##...##..# #.# ..
##.###..# #.# #.
##o..##..#####.#
#.##.#.#.#........#
#.......#.#.####### #
##.@....#.#.#
#.#########..o..#.#.#.#
.........#.........##.#
#.##..................#
#.......###......####.#
#.##.##.# #.....## #.#
#### . #.#..# #.[..##
#.# #... #. #..##
#.#.## #.# #o##
#.###.###)ยง###.### #.#
#.#


You could see an orc wizard and an orc.

Vanquished Creatures
  A bat (D:1)
  3 endoplasms
  A goblin (D:1)
  3 hobgoblins
  4 frilled lizards
  2 kobolds (D:2)
  2 rats
16 creatures vanquished.

Vanquished Creatures (others)
  81 foxfires
81 creatures vanquished.

Grand Total: 97 creatures vanquished

Notes
Turn   | Place    | Note
-------+----------+-------------------------------------------
     0 | D:1      | bnorton916 the Deep Elf Fire Elementalist began the quest
                  | for the Orb.
     0 | D:1      | Reached XP level 1. HP: 10/10 MP: 6/6
   764 | D:2      | Reached XP level 2. HP: 15/15 MP: 5/8
  1090 | D:2      | Killed from afar by an orc wizard

Illustrated notes

Levels and vault maps discovered:
D:1:      ncdulo_watergridlock, layout_rooms, feat_on_display
D:2:      layout_loops_ring, minmay_tall_x

Action                     || total
---------------------------++-------
   Cast: Foxfire           ||    49
 Armour: Robe              ||    16
  Dodge: Dodged            ||    19
